 Dungeon Crawl Stone Soup version 0.30-a0-170-g85af917532 (webtiles) character file.

Game seed: 4594211694395609640

349 qw the Chopper (level 6, -8/40 HPs)
             Began as a Gargoyle Fighter on Sept 30, 2022.
             Mangled by an ogre
             ... wielding a +0 giant club
              (14 damage)
             ... on level 4 of the Dungeon.
             The game lasted 00:00:59 (2452 turns).

qw the Chopper (Gargoyle Fighter)                   Turns: 2452, Time: 00:00:59

Health: -8/40      AC: 12    Str: 22    XL:     6   Next: 60%
Magic:  6/6        EV:  9    Int:  8    God:
Gold:   90         SH:  4    Dex:  9    Spells: 5/5 levels left

rFire   + . .      SeeInvis .    Y - +0 war axe
rCold   . . .      Faith    .    c - +0 buckler
rNeg    + . .      Spirit   .    b - +0 scale mail
rPois   inf        Reflect  .    (helmet restricted)
rElec   +          Harm     .    (no cloak)
rCorr   .          Rampage  .    (no gloves)
Will    +....                    (no boots)
Stlth   ..........               (no amulet)
HPRegen 0.13/turn                l - ring of protection from fire
MPRegen 0.10/turn                (no ring)

@: no status effects
A: sickness immunity, AC +4, negative energy resistance 1, electricity
resistance, torment resistance 1, petrification resistance, antennae 1,
strong-willed 1, shaggy fur 1
a: no special abilities


You were on level 4 of the Dungeon.
You visited 1 branch of the dungeon, and saw 4 of its levels.

You collected 90 gold pieces.


Innate Abilities, Weirdness & Mutations

You are immune to sickness and miasma.
Your stone body is resilient. (AC +4)
You are immune to poison.
You resist negative energy. (rN+)
You are resistant to electric shocks. (rElec)
You are resistant to unholy torment.
You are immune to petrification.
You have a pair of small antennae on your head.
You are strong-willed. (Will+)
You are covered in fur. (AC +1)


   Skills:
 - Level 5.1 Fighting
 - Level 5.1 Axes
 - Level 3.2 Armour
 + Level 0.4 Dodging
 - Level 3.2 Shields


You had 5 spell levels left.
You didn't know any spells.
Your spell library was empty.

Inventory:

Hand Weapons
 a - a +1 flail of protection
 Y - a +0 war axe (weapon)
Armour
 b - a +0 scale mail (worn)
 c - a +0 buckler (worn)
Jewellery
 l - a ring of protection from fire (left hand)
Potions
 d - a potion of might
 g - a potion of mutation
 i - a potion of degeneration {unknown}
 m - a potion of curing

Dungeon Overview and Level Annotations

Branches:
Dungeon (4/15)
 Temple: D:4-7

Altars:
Kikubaaqudgha

Shops:
D:4 (

Portals:
Sewer: D:4


Message History

You slash the worm!
You kill the worm!
Found a There-And-Back Book.
Found a glowing drain.
2429 ||| READING scroll labelled ETWUOKHLEXOM.
Blink to where?
Press: ? - help, Dir - move target, f - you Are you sure you want to cancel this blink?
As you read the scroll labelled ETWUOKHLEXOM, it crumbles to dust.
It was a scroll of blinking.
2430 ||| DRINKING 2 emerald potions.
It was a potion of curing.
You feel better.
Found a trident.
You enter the shallow water.
Moving in this stuff is going to be slow.
A hobgoblin comes into view.
Enter note:
Enter note:
2436 ||| FLEEEEING.
The hobgoblin shouts!
You hear a shout!
An ogre comes into view. It is wielding a +0 giant club.
You hit the hobgoblin but do no damage. The hobgoblin closely misses you.
You slash the hobgoblin!
You kill the hobgoblin!
You barely miss the ogre. The ogre barely misses you.
You slash the ogre!
The ogre is heavily wounded.
You hear the brisk rusting of a drain.
The ogre barely misses you.
You hit the ogre.
The ogre is severely wounded.
The ogre hits you with a +0 giant club!
You closely miss the ogre.
The ogre is severely wounded.
The ogre hits you with a +0 giant club!!
Ouch! That really hurt!
You hit the ogre.
The ogre is almost dead.
The ogre hits you with a +0 giant club!
You die...

.......# ###.... ......
.......###.##.###...#.#
..................:....
........###...##~~~~~#
..#.....# #...##~~~~~##.
..#.....####..~~.....~~.
..#.....#.....~~.....~~.
..........##..~~O[\.....
#..##...####..~~@....~~.
...##..## #...~~~~...~~.
.......# #....##~~.~~##.
##'#.....##...##~~.~~#
+\+.##.....#.).~......
##'#..#.....## .##.#..#.
......# ###..##..#......
#.....### .#..#...).....
##..#...##.............


You could see an ogre.

Vanquished Creatures
  Sigmund (D:4)
  Edmund (D:3)
  2 adders (D:2)
  2 worms (D:4)
  4 dart slugs (D:1)
  An orc (D:4)
  10 ball pythons
  3 endoplasms
  2 giant cockroaches (D:3)
  4 goblins
  6 hobgoblins
  4 jackals (D:2)
  2 kobolds
  2 bats
  2 frilled lizards
  A rat (D:3)
47 creatures vanquished.

Vanquished Creatures (others)
  3 fungi (D:4)
  3 toadstools (D:4)
6 creatures vanquished.

Grand Total: 53 creatures vanquished

Notes
Turn   | Place    | Note
-------+----------+-------------------------------------------
     0 | D:1      | qw the Gargoyle Fighter began the quest for the Orb.
     0 | D:1      | Reached XP level 1. HP: 14/14 MP: 1/1
     0 | D:1      | 0 ||| qw: Version: 0.2-a-12-gaebbb33
     0 | D:1      | 0 ||| qw: Game counter: 1560
     0 | D:1      | 0 ||| qw: Always use a shield: true
     0 | D:1      | 0 ||| qw: God list: Okawaru
     0 | D:1      | 0 ||| qw: Allow faded altars: false
     0 | D:1      | 0 ||| qw: Do Orc after D:15 true
     0 | D:1      | 0 ||| qw: Do second Lair branch before Depths: true
     0 | D:1      | 0 ||| qw: Lair rune preference: random
     0 | D:1      | 0 ||| qw: Plans: Normal, Zot:1-4, God:TSO, Crypt, Tomb,
                  | Pan, Slime:5, Hells, Abyss, Orb
     0 | D:1      | 0 ||| PLANNING D:1-11
     3 | D:1      | Noticed a merfolk zombie
    16 | D:1      | Noticed a demonspawn zombie
   101 | D:1      | Reached XP level 2. HP: 19/19 MP: 2/2
   166 | D:1      | 166 ||| Stepping ~*~*~tactically~*~*~ (hiding).
   280 | D:1      | 280 ||| Stepping ~*~*~tactically~*~*~ (hiding).
   761 | D:1      | Reached skill level 3 in Axes
   771 | D:1      | 771 ||| DROPPING orb of mayhem.
   772 | D:1      | 772 ||| DROPPING ring of flight.
   773 | D:1      | 773 ||| READING scroll labelled OTHRIRCH TOIPEO.
   774 | D:1      | 774 ||| READING scroll labelled LEK UWNIATU.
   869 | D:2      | Reached XP level 3. HP: 23/23 MP: 3/3
   878 | D:2      | 878 ||| Stepping ~*~*~tactically~*~*~ (stealth).
   879 | D:2      | 879 ||| Stepping ~*~*~tactically~*~*~ (stealth).
   884 | D:2      | 884 ||| Stepping ~*~*~tactically~*~*~ (stealth).
   885 | D:2      | 885 ||| Stepping ~*~*~tactically~*~*~ (stealth).
  1209 | D:2      | Found a faded altar of an unknown god.
  1319 | D:2      | 1319 ||| UPGRADING to ring of protection from fire.
  1320 | D:2      | 1320 ||| READING 2 scrolls labelled IRI WEUTUL.
  1321 | D:2      | 1321 ||| READING 2 scrolls labelled WEIG JAPHADUI.
  1322 | D:2      | 1322 ||| DRINKING 2 fizzy red potions.
  1323 | D:2      | 1323 ||| DROPPING scroll of amnesia.
  1324 | D:2      | 1324 ||| DROPPING potion of flight.
  1325 | D:2      | 1325 ||| DROPPING scroll of noise.
  1340 | D:3      | 1340 ||| STAIRDANCE
  1345 | D:3      | 1345 ||| STAIRDANCE
  1400 | D:3      | 1400 ||| STAIRDANCE
  1424 | D:3      | 1424 ||| Stepping ~*~*~tactically~*~*~ (stealth).
  1430 | D:3      | Reached XP level 4. HP: 28/28 MP: 4/4
  1761 | D:3      | Found an ancient bone altar of Kikubaaqudgha.
  2023 | D:3      | 2023 ||| READING scroll labelled NITSUC JUF ETT.
  2024 | D:3      | 2024 ||| READING scroll labelled PUEGHYSIMI.
  2025 | D:3      | 2025 ||| READING scroll labelled XAUTHA HISIUMNA.
  2126 | D:3      | 2126 ||| DRINKING 2 silvery potions.
  2126 | D:3      | Gained mutation: You are strong-willed. (Will+) [potion of
                  | mutation]
  2126 | D:3      | Gained mutation: You have a pair of small antennae on your
                  | head. [potion of mutation]
  2126 | D:3      | Gained mutation: You are covered in fur. (AC +1) [potion of
                  | mutation]
  2127 | D:3      | 2127 ||| DRINKING 2 coppery potions.
  2128 | D:3      | 2128 ||| DRINKING 2 cyan potions.
  2129 | D:3      | 2129 ||| DROPPING potion of invisibility.
  2139 | D:4      | Noticed Edmund
  2140 | D:4      | 2140 ||| PLANNING SEWER
  2140 | D:4      | Noticed Sigmund
  2143 | D:4      | 2143 ||| STAIRDANCE
  2151 | D:3      | HP: 3/28 [Edmund/+1 flail of protection (9)]
  2152 | D:3      | 2152 ||| DRINKING potion of heal wounds.
  2155 | D:3      | Killed Edmund
  2156 | D:3      | Reached XP level 5. HP: 17/32 MP: 5/5
  2305 | D:3      | 2305 ||| DROPPING +0 whip.
  2316 | D:4      | Killed Sigmund
  2317 | D:4      | Reached XP level 6. HP: 40/40 MP: 6/6
  2355 | D:4      | 2355 ||| Stepping ~*~*~tactically~*~*~ (stealth).
  2356 | D:4      | 2356 ||| Stepping ~*~*~tactically~*~*~ (stealth).
  2360 | D:4      | 2360 ||| Stepping ~*~*~tactically~*~*~ (stealth).
  2364 | D:4      | 2364 ||| Stepping ~*~*~tactically~*~*~ (stealth).
  2379 | D:4      | Found Jutonot's Weapon Emporium.
  2428 | D:4      | Found a glowing drain.
  2429 | D:4      | 2429 ||| READING scroll labelled ETWUOKHLEXOM.
  2430 | D:4      | 2430 ||| DRINKING 2 emerald potions.
  2436 | D:4      | 2436 ||| FLEEEEING.
  2451 | D:4      | HP: 6/40 [ogre/+0 giant club (24)]
  2452 | D:4      | Mangled by an ogre

Levels and vault maps discovered:
D:1:      shiori_arrival_whats_in_store_for_you, layout_rooms,
          chequers_serial_rivers_room_b
D:2:      layout_rooms, dilly_ecumenical_altar_fadedgnrine,
          kennysheep_flooded_box
D:3:      layout_basic, mainiacjoe_overflow_cross_hatched
D:4:      layout_cave_pools, mainiacjoe_overflow_alcove_2, serial_shops,
          kennysheep_mini, cheibrodos_sewer_entry_sluice,
          minmay_gold_behind_fungi, serial_bayou_pond_b, uniq_pikel,
          uniq_edmund, uniq_sigmund

Skill      XL: |  1  2  3  4  5 |
---------------+----------------+-----
Axes           | 2 3 5 |  5.1
Fighting       | 5 |  5.1
Armour         | |  3.2
Dodging        | |  0.4
Shields        | |  3.2

Action                   |  1- 3 |  4- 6 || total
-------------------------+-------+-------++-------
Melee: War axe           |    75 |    68 ||   143
  Use: Scroll            |     4 |     4 ||     8
       Potion            |     1 |     5 ||     6
 Stab: Invisible         |       |     3 ||     3
Armor: Scale mail        |    34 |    24 ||    58
Dodge: Dodged            |    51 |    23 ||    74
Block: Buckler           |    16 |    10 ||    26

Table legend:
 A = Non-vault XP
 B = Vault XP
 C = Vault XP percentage of total XP
 D = Non-vault monster count
 E = Vault monster count
 F = Vault count percentage of total count
                 A         B        C        D         E       F
            +---------+---------+-------+---------+---------+-------
      Total |     112 |     387 |  77.6 |      42 |       5 |  10.6
            +---------+---------+-------+---------+---------+-------
        D:1 |      31 |       0 |   0.0 |      13 |       0 |   0.0
        D:2 |      46 |       0 |   0.0 |      12 |       0 |   0.0
        D:3 |      21 |     157 |  88.2 |      12 |       1 |   7.7
        D:4 |      14 |     230 |  94.3 |       5 |       4 |  44.4
            +---------+---------+-------+---------+---------+-------
